AoeStats
← thinker

MegaRandom

505579902Analyzed
4v4 RM · 21d ago on Sep 10, 2026· 55m 5s· 8 players
Game mode
Random Map
Map size
Large (8 player)
Population
200
Speed
Normal
Resources
Standard
Victory
Conquest
Starting age
Dark Age
Ending age
Imperial Age
RankedLock teamsTeams togetherTeam positionsShared explorationLock speedFull tech treeHidden civsTurbo modeCheats
Victory
Defeat
🇺🇸 Dravidians · United States
935
+15
🇺🇸 Sicilians · United States
933
+15
🇨🇴 Mongols · Colombia
929
+15
🇨🇳 Khmer · China
920
+16
🇦🇷 Turks · Argentina
953
-17
🇨🇦 Wei · Canada
946
-17
🇦🇷 Huns · Argentina
909
-15
🇦🇷 Japanese · Argentina
839
-12
Goob
0:56 Loom
11:38 Feudal Age
11:45 Man-at-Arms
18:15 Castle Age
17:36 Double-Bit Axe
18:26 Long Swordsman
23:42 Gold Mining
25:45 Forging
25:52 Gambesons
25:59 Arson
26:00 Gambesons
26:41 Squires
28:57 Stone Mining
29:57 Wheelbarrow
35:56 Imperial Age
34:42 Bow Saw
36:57 Iron Casting
36:23 Scale Mail Armor
36:46 Elite Urumi Swordsman
39:52 Chain Mail Armor
40:38 Blast Furnace
42:03 Plate Mail Armor
42:55 Wootz Steel
thinker
0:51 Loom
13:25 Feudal Age
18:07 Castle Age
18:01 Double-Bit Axe
24:56 Bow Saw
24:29 Horse Collar
28:25 Imperial Age
26:23 Stone Mining
29:05 Heavy Plow
32:13 Stone Shaft Mining
32:30 Elite Ballista Elephant
33:10 Gold Mining
34:38 Crop Rotation
36:50 Ballistics
37:30 Chemistry
37:20 Gold Shaft Mining
37:19 Double Crossbow
37:24 Tusk Swords
37:49 Conscription
38:17 Wheelbarrow
39:30 Hand Cart
42:57 Padded Archer Armor
42:47 Fletching
42:56 Murder Holes
43:10 Scale Barding Armor
45:10 Bodkin Arrow
45:31 Leather Archer Armor
47:48 Tusk Swords
48:23 Ring Archer Armor
47:53 Bracer
47:59 Scale Barding Armor
48:05 Forging
51:14 Chain Barding Armor
Richard Nixon
12:06 Feudal Age
11:30 Loom
13:33 Horse Collar
13:55 Fletching
17:07 Wheelbarrow
23:20 Castle Age
21:51 Scale Mail Armor
25:04 Squires
27:54 Bodkin Arrow
28:12 Forging
27:59 Pikeman
29:29 Stone Mining
33:07 Forging
35:20 Double-Bit Axe
41:07 Imperial Age
39:00 Bow Saw
40:58 Arson
42:34 Hand Cart
42:45 Conscription
43:40 Iron Casting
43:36 Heavy Plow
44:20 Elite Serjeant
46:19 Stone Shaft Mining
45:37 Gold Mining
46:14 Chain Mail Armor
48:22 Blast Furnace
47:52 Plate Mail Armor
47:46 Town Watch
48:04 Bracer
48:44 Gambesons
50:06 Arrowslits
51:22 Chemistry
50:43 Ballistics
51:34 Chemistry
52:34 Ballistics
52:26 Masonry
52:22 Siege Engineers
52:23 Murder Holes
Ryukuro-Tsubarashi
11:33 Feudal Age
16:24 Castle Age
14:56 Double-Bit Axe
15:04 Stone Mining
16:53 Loom
33:40 Horse Collar
35:34 Wheelbarrow
35:16 Gold Mining
36:28 Bow Saw
36:45 Fletching
38:25 Bodkin Arrow
38:32 Padded Archer Armor
38:50 Hand Cart
40:02 Gold Shaft Mining
43:18 Imperial Age
41:31 Ballistics
41:22 Scale Barding Armor
43:13 Heavy Plow
44:45 Conscription
45:31 Chemistry
44:33 Bracer
44:49 Leather Archer Armor
45:09 Chain Barding Armor
46:28 Husbandry
46:39 Bloodlines
49:23 Spies/Treason
49:36 Elite Mangudai
Rage of Khorne
0:42 Loom
12:58 Feudal Age
13:25 Horse Collar
13:32 Double-Bit Axe
14:30 Wheelbarrow
14:00 Gold Mining
14:01 Stone Mining
22:21 Castle Age
32:19 Hand Cart
Mike Ehrmantraut
2:40 Loom
11:10 Feudal Age
12:04 Double-Bit Axe
14:55 Wheelbarrow
15:49 Fishing Lines
19:02 Forging
19:23 Scale Mail Armor
25:17 Padded Archer Armor
25:30 Gold Mining
25:34 Stone Mining
28:37 Castle Age
29:47 Gillnets
32:12 Yasama
33:12 Ballistics
33:52 Hand Cart
34:01 Bow Saw
33:55 Elite Skirmisher
33:58 Pikeman
35:22 Gold Shaft Mining
35:12 Guard Tower
36:51 Chain Mail Armor
39:14 Iron Casting
38:48 Thumb Ring
42:38 Imperial Age
42:40 Medium Warships
43:00 Clinker Construction
43:02 Careening
42:57 Fletching
46:25 Two-Man Saw
iNeik
11:13 Feudal Age
12:33 Double-Bit Axe
12:29 Horse Collar
17:23 Loom
19:42 Castle Age
19:50 Bloodlines
21:04 Scale Barding Armor
25:43 Husbandry
31:17 Fervor
43:29 Thumb Ring
45:08 Treadmill Crane
45:51 Ballistics
47:52 Fletching
48:03 Padded Archer Armor
VØID
10:36 Feudal Age
15:21 Horse Collar
15:30 Double-Bit Axe
21:39 Castle Age
23:42 Marauders
25:32 Forging
25:28 Scale Barding Armor
27:41 Husbandry
Connection lost

Rejoining the realm…

Still unreachable

The connection could not be restored.

Session expired

The server has moved on; the page needs a fresh start.